 Dungeon Crawl Stone Soup version 0.30-a0-373-gd37427bb62 (webtiles) character file.

Game seed: 13369417289419891964

99 Bnni the Shield-Bearer (level 5, 0/40 (42) HPs)
             Began as a Formicid Fighter on Nov 24, 2022.
             Slain by a gnoll
             ... wielding a +0 whip
              (5 damage)
             ... on level 2 of the Dungeon.
             The game lasted 00:02:05 (1841 turns).

Bnni the Shield-Bearer (Formicid Fighter)           Turns: 1841, Time: 00:02:06

HP:   0/40 (42)     AC:  6    Str: 22    XL:     5   Next: 2%
MP:   5/5           EV:  9    Int:  8    God:
Gold: 109           SH:  5    Dex: 13    Spells: 4/4 levels left

rFire   . . .      SeeInvis +    h - +0 dagger (venom)
rCold   . . .      Faith    .    c - +0 buckler
rNeg    . . .      Spirit   .    b - +0 scale mail
rPois   .          Reflect  .    (helmet unavailable)
rElec   .          Harm     .    (no cloak)
rCorr   .          Rampage  .    (no gloves)
Will    .....                    (no boots)
Stlth   ..........               (no amulet)
HPRegen 0.26/turn                (no ring)
MPRegen 0.09/turn                (no ring)

@: lightly drained
A: permanent stasis, dig shafts and tunnels, antennae 3, four strong arms
a: Dig, Shaft Self


You were on level 2 of the Dungeon.
You visited 1 branch of the dungeon, and saw 2 of its levels.

You collected 109 gold pieces.

Inventory:

Hand Weapons
 a - a +0 trident
 h - a +0 dagger of venom (weapon)
Armour
 b - a +0 scale mail (worn)
 c - a +0 buckler (worn)
 g - a +0 kite shield
Wands
 r - a wand of digging (1)
Scrolls
 e - a scroll of teleportation {unknown}
 k - a scroll of blinking {unknown}
 n - a scroll of amnesia {unknown}
 o - a scroll of immolation {unknown}
 s - a scroll of enchant armour {unknown}
Potions
 d - 2 potions of might
 f - 2 potions of curing
 i - a potion of magic {unknown}
 j - a potion of flight {unknown}
 l - a potion of berserk rage {unknown}
 m - a potion of heal wounds {unknown}
 p - 2 potions of cancellation
 q - a potion of ambrosia {unknown}


   Skills:
 + Level 3.9 Fighting
 * Level 3.3 Polearms
 - Level 3.2 Armour
 * Level 5.4 Shields


You had 4 spell levels left.
You didn't know any spells.
Your spell library contained the following spells:

 Spells                   Type           Power      Damage    Failure   Level
 Ensorcelled Hibernation  Hex/Ice        0%         N/A       90%         2
 Spider Form              Tmut/Pois      0%         N/A       99%         3
 Anguish                  Hex/Necr       0%         N/A       100%        4


Dungeon Overview and Level Annotations

Branches:
Dungeon (2/15)

Altars:

Shops:
D:1 (


Innate Abilities, Weirdness & Mutations

You cannot be hasted, slowed, berserked, paralysed or teleported.
You can dig through walls and to a lower floor.
You have a pair of large antennae on your head. (SInv)
Your four strong arms can wield two-handed weapons with a shield.


Message History

You are too injured to fight recklessly!
You are too injured to fight recklessly!
Unknown command.
The gnoll attacks as you move away! The gnoll hits you but does no damage.
The gnoll hits you with a +0 flail.
* * * LOW HITPOINT WARNING * * *
The gnoll attacks as you move away! The gnoll hits you with a +0 flail.
* * * LOW HITPOINT WARNING * * *
You extend your mandibles.
You dig through the rock wall.
You feel drained.
It was a potion of cancellation.
You feel magically purged. The gnoll barely misses you.
Unknown command.
It was a potion of curing.
You feel better. The gnoll closely misses you.
You hit the gnoll but do no damage.
The gnoll is poisoned.
The gnoll barely misses you.
You hit the gnoll.
The gnoll is moderately wounded.
You block the gnoll's attack.
You hit the gnoll.
The gnoll looks as sick as possible!
The gnoll is severely wounded.
You kill the gnoll!
You have reached level 5!
You hit the goblin.
You kill the goblin!
You closely miss the gnoll.
The gnoll is lightly wounded.
The gnoll hits you with a +0 whip.
* * * LOW HITPOINT WARNING * * *
You closely miss the gnoll.
The gnoll is lightly wounded.
The gnoll barely misses you.
You closely miss the gnoll.
The gnoll is lightly wounded.
The gnoll hits you with a +0 whip.
* * * LOW HITPOINT WARNING * * *
You hit the gnoll.
The gnoll is poisoned.
The gnoll is moderately wounded.
The gnoll hits you with a +0 whip.
You die...

..........# #...###
..........#### #......
.............# ###.###
.............# #(#
.............# #.#
......†...#.##########.#
....$....##............#
......(gg###############
#########@# ###


You could see 2 gnolls.

Vanquished Creatures
  Robin (D:2)
  A gnoll (D:2)
  A worm (D:2)
  3 dart slugs
  3 ball pythons
  7 bats
  3 endoplasms
  3 giant cockroaches
  13 goblins
  5 hobgoblins
  5 jackals
  3 quokkas (D:1)
  4 frilled lizards (D:2)
  4 kobolds
  7 rats
63 creatures vanquished.

Notes
Turn   | Place    | Note
-------+----------+-------------------------------------------
     0 | D:1      | Bnni the Formicid Fighter began the quest for the Orb.
     0 | D:1      | Reached XP level 1. HP: 18/18 MP: 1/1
    34 | D:1      | Reached XP level 2. HP: 21/24 MP: 2/2
   294 | D:1      | Reached XP level 3. HP: 29/29 MP: 3/3
   700 | D:1      | Found Xoakudy's Weapon Shop.
  1339 | D:2      | Reached skill level 5 in Shields
  1341 | D:2      | Reached XP level 4. HP: 24/37 MP: 4/4
  1428 | D:2      | Noticed Robin
  1434 | D:2      | Killed Robin
  1837 | D:2      | Reached XP level 5. HP: 14/40 MP: 5/5
  1841 | D:2      | Slain by a gnoll

Illustrated notes

Levels and vault maps discovered:
D:1:      nicolae_arrival_memento_mori, layout_basic, serial_shops,
          nicolae_lakefront_shop
D:2:      minmay_skewed_foursquare, layout_loops_corners, minmay_pentomino_x2,
          uniq_robin

Skill      XL: |  1  2  3  4 |
---------------+-------------+-----
Shields        | 5 |  5.4
Polearms       | 3 |  3.3
Fighting       | |  3.9
Armour         | |  3.2

Action                   |  1- 3 |  4- 6 || total
-------------------------+-------+-------++-------
Melee: Trident           |    47 |       ||    47
       Dagger            |    75 |    77 ||   152
 Abil: Dig               |       |     1 ||     1
  Use: Potion            |       |     2 ||     2
Armor: Scale mail        |    44 |    36 ||    80
Dodge: Dodged            |    52 |    31 ||    83
Block: Buckler           |    28 |    21 ||    49

Table legend: (Time is in decaauts)
 A = Elapsed time spent in this place.
 B = Non-inter-level travel time spent in this place.
 C = Inter-level travel time spent in this place.
 D = Time resting spent in this place.
 E = Time spent auto-exploring this place.
 F = Levels seen in this place.
 G = Mean time per level.
                   A        B        C        D        E       F      G
               +--------+--------+--------+--------+--------+-----+--------+
         Total |   1855 |   1817 |     38 |     37 |   1390 |   2 |  927.5 |
       Dungeon |   1855 |   1817 |     38 |     37 |   1390 |   2 |  927.5 |
               +--------+--------+--------+--------+--------+-----+--------+

Top non-repeatable levels by time:
     D:1: 1031 daAuts
     D:2: 823 daAuts
